AAA
LONG ISLAND NAVIGATORS @ BAKERSFIELD CANNONS
08/30/2059
 
TOP OF THE 1ST
Long Island Navigators batting - Pitching for Bakersfield Cannons : RHP Benjamin Narvaez
Pitching: RHP Benjamin Narvaez
Batting: RHB Stefan Jamroz 0-0: Foul Ball, location: 2F
0-1: Ball
1-1: Ball
2-1: Ball
3-1: Swinging Strike
3-2: Strikes out swinging
Batting: RHB Nathaniel Vogel 0-0: Ball
1-0: Called Strike
1-1: Called Strike
1-2: Ball
2-2: Strikes out swinging
Batting: RHB Kenneth Waters 0-0: Called Strike
0-1: Called Strike
0-2: Ball
1-2: Foul Ball, location: 2F
1-2: SINGLE (Groundball, 56D, EV 101.2 MPH)
Batting: RHB Ahmed Brigatti 0-0: Ball
1-0: Swinging Strike
1-1: Ball
2-1: Fielders Choice at 2nd, 6-4 (Groundball, 56, EV 81.9 MPH)
Top of the 1st over - 0 runs, 1 hit, 0 errors, 1 left on base; Long Island 0 - Bakersfield 0
BOTTOM OF THE 1ST
Bakersfield Cannons batting - Pitching for Long Island Navigators : RHP Ty Hogrefe
Pitching: RHP Ty Hogrefe
Batting: RHB C.J. Spicer 0-0: DOUBLE (Line Drive, 9LM, EV 105.6 MPH) - OUT at third base trying to stretch hit.
Batting: RHB Nelson Dimas 0-0: Ball
1-0: SINGLE (Groundball, 34S, EV 98.8 MPH)
Batting: LHB Keon Kakazai 0-0: Called Strike
0-1: Ball
1-1: Grounds into double play, 6-4-3 (Groundball, 6, EV 86.9 MPH)
Bottom of the 1st over - 0 runs, 2 hits, 0 errors, 0 left on base; Long Island 0 - Bakersfield 0
TOP OF THE 2ND
Long Island Navigators batting - Pitching for Bakersfield Cannons : RHP Benjamin Narvaez
Batting: LHB Felix Arms 0-0: Ball
1-0: Ball
2-0: Ball
3-0: Ground out 4-3 (Groundball, 4D, EV 103.8 MPH)
Batting: SHB Anthone Ornelas 0-0: Foul Ball, location: 2F
0-1: Ball
1-1: Ball
2-1: Called Strike
2-2: Ball
3-2: SINGLE (Line Drive, 78S, EV 91.9 MPH)
Batting: RHB Noah Bishop 0-0: Called Strike
0-1: Foul Ball, location: 2F
0-2: Foul Ball, location: 2F
0-2: Ball
1-2: Foul Ball, location: 2F
1-2: Foul Ball, location: 2F
1-2: Foul Ball, location: 2F
1-2: Foul Ball, location: 2F
1-2: Foul Ball, location: 2F
1-2: Ball
2-2: Ball
3-2: Base on Balls
Anthone Ornelas to second
Batting: RHB Landon Garber 0-0: Ball
1-0: Foul Ball, location: 2F
1-1: Swinging Strike
1-2: SINGLE (Groundball, 3D, EV 97.5 MPH)
Anthone Ornelas to third
Noah Bishop to second
Batting: RHB Jon Bowers 0-0: Called Strike
0-1: Ball
1-1: Ball
2-1: Swinging Strike
2-2: Ball
3-2: Strikes out looking
Batting: RHB Stefan Jamroz 0-0: Swinging Strike
0-1: Foul Ball, location: 2F
0-2: Ball
1-2: Strikes out swinging
Top of the 2nd over - 0 runs, 2 hits, 0 errors, 3 left on base; Long Island 0 - Bakersfield 0
BOTTOM OF THE 2ND
Bakersfield Cannons batting - Pitching for Long Island Navigators : RHP Ty Hogrefe
Batting: RHB Adrian Gramling 0-0: Ball
1-0: Foul Ball, location: 2F
1-1: Called Strike
1-2: Foul Ball, location: 2F
1-2: Fly out, F9 (Flyball, 9D, EV 107.5 MPH)
Batting: RHB Kaileb Romero 0-0: Ball
1-0: Ball
2-0: Called Strike
2-1: SINGLE (Line Drive, 78S, EV 110.0 MPH)
Batting: RHB Adan Natoli 0-0: Ball
1-0: Foul Ball, location: 2F
1-1: Ball
2-1: Foul Ball, location: 2F
2-2: Ball
3-2: Foul Ball, location: 2F
3-2: Strikes out looking
Batting: RHB Jake Christensen 0-0: Ball
1-0: Foul Ball, location: 2F
1-1: Fly out, F4 (Popup, 4M, EV 71.2 MPH)
Bottom of the 2nd over - 0 runs, 1 hit, 0 errors, 1 left on base; Long Island 0 - Bakersfield 0
TOP OF THE 3RD
Long Island Navigators batting - Pitching for Bakersfield Cannons : RHP Benjamin Narvaez
Batting: RHB Nathaniel Vogel 0-0: Called Strike
0-1: Foul Ball, location: 2F
0-2: Ball
1-2: Ball
2-2: Strikes out swinging
Batting: RHB Kenneth Waters 0-0: Ball
1-0: Ball
2-0: Foul Ball, location: 2F
2-1: Ball
3-1: Called Strike
3-2: Strikes out swinging
Batting: RHB Ahmed Brigatti 0-0: Ball
1-0: Foul Ball, location: 2F
1-1: Fly out, F8 (Line Drive, 8RD, EV 90.6 MPH)
Top of the 3rd over - 0 runs, 0 hits, 0 errors, 0 left on base; Long Island 0 - Bakersfield 0
BOTTOM OF THE 3RD
Bakersfield Cannons batting - Pitching for Long Island Navigators : RHP Ty Hogrefe
Batting: LHB Britt Moore 0-0: Called Strike
0-1: SINGLE (Line Drive, 4D, EV 98.8 MPH)
Batting: RHB Langdon Bushey 0-0: Called Strike
0-1: SINGLE (Groundball, P, EV 86.9 MPH) (infield hit)
Britt Moore to second
Batting: RHB C.J. Spicer 0-0: Called Strike
0-1: Fly out, F7 (Line Drive, 7, EV 95.6 MPH)
Batting: RHB Nelson Dimas 0-0: Called Strike
0-1: Called Strike
0-2: SINGLE (Groundball, 6MD, EV 93.8 MPH)
Britt Moore to third
Langdon Bushey to second
Runner from 3rd tries for Home, throw by CF and OUT! 8-2
Batting: LHB Keon Kakazai 0-0: Swinging Strike
0-1: Ball
1-1: Ball
2-1: Foul Ball, location: 2F
2-2: Ball
3-2: Strikes out swinging
Bottom of the 3rd over - 0 runs, 3 hits, 0 errors, 2 left on base; Long Island 0 - Bakersfield 0
TOP OF THE 4TH
Long Island Navigators batting - Pitching for Bakersfield Cannons : RHP Benjamin Narvaez
Batting: LHB Felix Arms 0-0: Ball
1-0: Ball
2-0: Called Strike
2-1: Swinging Strike
2-2: Foul Ball, location: 2F
2-2: Fly out, F9 (Flyball, 9, EV 80.6 MPH)
Batting: SHB Anthone Ornelas 0-0: Foul Ball, location: 2F
0-1: Ball
1-1: Foul Ball, location: 2F
1-2: Ball
2-2: Foul Ball, location: 2F
2-2: SINGLE (Groundball, 56D, EV 94.4 MPH)
Batting: RHB Noah Bishop 0-0: Called Strike
0-1: Foul Ball, location: 2F
0-2: Ball
1-2: SINGLE (Groundball, 6, EV 100.0 MPH)
Anthone Ornelas to second
Batting: RHB Landon Garber 0-0: Hit by Pitch
Anthone Ornelas to third
Noah Bishop to second
Pitching: LHP Dalton Robbins
Batting: RHB Jon Bowers 0-0: Ball
1-0: Ball
2-0: Ball
3-0: Called Strike
3-1: Called Strike
3-2: Foul Ball, location: 2F
3-2: Foul Ball, location: 2F
3-2: SINGLE (Groundball, 3D, EV 103.8 MPH)
Anthone Ornelas scores
Noah Bishop to third
Landon Garber to second
Batting: RHB Stefan Jamroz 0-0: Ball
1-0: Ball
2-0: Ball
3-0: Base on Balls
Noah Bishop scores
Landon Garber to third
Jon Bowers to second
Batting: RHB Nathaniel Vogel 0-0: Foul Ball, location: 2F
0-1: Ball
1-1: Ball
2-1: Swinging Strike
2-2: Strikes out swinging
Batting: RHB Kenneth Waters 0-0: Swinging Strike
0-1: Foul Ball, location: 2F
0-2: Ball
1-2: Foul Ball, location: 2F
1-2: Strikes out swinging
Top of the 4th over - 2 runs, 3 hits, 0 errors, 3 left on base; Long Island 2 - Bakersfield 0
BOTTOM OF THE 4TH
Bakersfield Cannons batting - Pitching for Long Island Navigators : RHP Ty Hogrefe
Batting: RHB Adrian Gramling 0-0: Called Strike
0-1: Ball
1-1: Swinging Strike
1-2: Foul Ball, location: 2F
1-2: Ball
2-2: Fly out, F8 (Flyball, 8RS, EV 96.9 MPH)
Batting: RHB Kaileb Romero 0-0: Swinging Strike
0-1: Ball
1-1: Ball
2-1: Foul Ball, location: 2F
2-2: Ball
3-2: Ground out 4-3 (Groundball, 4MD, EV 103.8 MPH)
Batting: RHB Adan Natoli 0-0: Called Strike
0-1: Ball
1-1: SINGLE (Line Drive, 9S, EV 103.8 MPH)
Batting: RHB Jake Christensen 0-0: Swinging Strike
0-1: Ball
1-1: Foul Ball, location: 2F
1-2: Strikes out looking
Bottom of the 4th over - 0 runs, 1 hit, 0 errors, 1 left on base; Long Island 2 - Bakersfield 0
TOP OF THE 5TH
Long Island Navigators batting - Pitching for Bakersfield Cannons : LHP Dalton Robbins
Batting: RHB Ahmed Brigatti 0-0: Called Strike
0-1: Called Strike
0-2: Ball
1-2: Ball
2-2: Strikes out swinging
Batting: LHB Felix Arms 0-0: Called Strike
0-1: Ball
1-1: Ball
2-1: Foul Ball, location: 2F
2-2: SINGLE (Groundball, 5S, EV 66.9 MPH) (infield hit)
Batting: SHB Anthone Ornelas 0-0: Ball
1-0: Called Strike
1-1: Ball
2-1: Swinging Strike
2-2: Ball
3-2: Strikes out swinging
Pitching: RHP A.J. Yeley
Batting: RHB Noah Bishop 0-0: Ground out 5-3 (Groundball, 56S, EV 74.4 MPH)
Top of the 5th over - 0 runs, 1 hit, 0 errors, 1 left on base; Long Island 2 - Bakersfield 0
BOTTOM OF THE 5TH
Bakersfield Cannons batting - Pitching for Long Island Navigators : RHP Ty Hogrefe
Batting: LHB Britt Moore 0-0: Ball
1-0: Foul Ball, location: 2F
1-1: Foul Ball, location: 2F
1-2: SINGLE (Line Drive, 4MD, EV 104.4 MPH)
Batting: RHB Langdon Bushey 0-0: Swinging Strike
0-1: Ball
1-1: Ball
2-1: Bunted foul
2-2: Fielders Choice at 2nd, 4-6 (Groundball, 4, EV 90.6 MPH)
Batting: RHB C.J. Spicer 0-0: Ball
1-0: SINGLE (Line Drive, 6MD, EV 111.2 MPH)
Langdon Bushey to second
Batting: RHB Nelson Dimas 0-0: Swinging Strike
0-1: SINGLE (Groundball, 34D, EV 94.4 MPH)
Langdon Bushey to third
C.J. Spicer to second
Runner from 3rd tries for Home, SAFE, throw by RF to home
Batting: LHB Keon Kakazai 0-0: Foul Ball, location: 2F
0-1: Grounds into double play, 5-4-3 (Groundball, 56S, EV 81.2 MPH)
Bottom of the 5th over - 1 run, 3 hits, 0 errors, 1 left on base; Long Island 2 - Bakersfield 1
TOP OF THE 6TH
Long Island Navigators batting - Pitching for Bakersfield Cannons : RHP A.J. Yeley
Batting: RHB Landon Garber 0-0: Foul Ball, location: 2F
0-1: Ball
1-1: Ball
2-1: Foul Ball, location: 2F
2-2: Foul Ball, location: 2F
2-2: Foul Ball, location: 2F
2-2: Ball
3-2: Foul Ball, location: 2F
3-2: Base on Balls
Batting: RHB Jon Bowers 0-0: Ball
1-0: Called Strike
1-1: Called Strike
1-2: Strikes out looking
Batting: RHB Stefan Jamroz 0-0: Foul Ball, location: 2F
0-1: Foul Ball, location: 2F
0-2: Ball
1-2: Ball
2-2: Ball
3-2: Foul Ball, location: 2F
3-2: Base on Balls
Landon Garber to second
Batting: RHB Nathaniel Vogel 0-0: Swinging Strike
0-1: Ball
1-1: Foul Ball, location: 2F
1-2: Ball
2-2: DOUBLE (Line Drive, 89M, EV 97.5 MPH)
Landon Garber scores
Stefan Jamroz to third
Batting: RHB Kenneth Waters 0-0: Intentional Walk
Batting: RHB Ahmed Brigatti 0-0: Called Strike
0-1: Called Strike
0-2: Grounds into double play, 4-6-3 (Groundball, 4, EV 100.6 MPH)
Top of the 6th over - 1 run, 1 hit, 0 errors, 2 left on base; Long Island 3 - Bakersfield 1
BOTTOM OF THE 6TH
Bakersfield Cannons batting - Pitching for Long Island Navigators : RHP Ty Hogrefe
Batting: RHB Adrian Gramling 0-0: Called Strike
0-1: SINGLE (Line Drive, 56, EV 99.4 MPH)
Batting: RHB Kaileb Romero 0-0: Foul Ball, location: 2F
0-1: Swinging Strike
0-2: Ball
1-2: Strikes out swinging
Batting: RHB Adan Natoli 0-0: Fly out, F3 (Popup, 34S, EV 85.0 MPH)
Batting: RHB Jake Christensen 0-0: Called Strike
0-1: Called Strike
0-2: Foul Ball, location: 2F
0-2: Ball
1-2: Foul Ball, location: 2F
1-2: Ball
2-2: Fly out, F4 (Line Drive, 4, EV 71.2 MPH)
Bottom of the 6th over - 0 runs, 1 hit, 0 errors, 1 left on base; Long Island 3 - Bakersfield 1
TOP OF THE 7TH
Long Island Navigators batting - Pitching for Bakersfield Cannons : RHP A.J. Yeley
Batting: LHB Felix Arms 0-0: Called Strike
0-1: Ground out 6-3 (Groundball, 6, EV 101.2 MPH)
Batting: SHB Anthone Ornelas 0-0: Ball
1-0: Called Strike
1-1: Foul Ball, location: 2F
1-2: Strikes out swinging
Batting: RHB Noah Bishop 0-0: Ground out 6-3 (Groundball, 6, EV 86.9 MPH)
Top of the 7th over - 0 runs, 0 hits, 0 errors, 0 left on base; Long Island 3 - Bakersfield 1
BOTTOM OF THE 7TH
Bakersfield Cannons batting - Pitching for Long Island Navigators : RHP Ty Hogrefe
Batting: LHB Britt Moore 0-0: Ball
1-0: Ball
2-0: Ball
3-0: Called Strike
3-1: Foul Ball, location: 2F
3-2: Strikes out swinging
Batting: RHB Langdon Bushey 0-0: Swinging Strike
0-1: SINGLE (Groundball, 6MD, EV 93.8 MPH)
Pitching: RHP Regis Jacobo
Batting: RHB C.J. Spicer 0-0: Foul Ball, location: 2F
0-1: Ball
1-1: Foul Ball, location: 2F
1-2: Fly out, F7 (Flyball, 7D, EV 86.9 MPH)
Batting: RHB Nelson Dimas 0-0: Ball
1-0: Foul Ball, location: 2F
1-1: Called Strike
1-2: Ground out 4-3 (Groundball, 4, EV 90.6 MPH)
Bottom of the 7th over - 0 runs, 1 hit, 0 errors, 1 left on base; Long Island 3 - Bakersfield 1
TOP OF THE 8TH
Long Island Navigators batting - Pitching for Bakersfield Cannons : RHP A.J. Yeley
Batting: RHB Landon Garber 0-0: Ball
1-0: Called Strike
1-1: Ball
2-1: Ball
3-1: Swinging Strike
3-2: Base on Balls
Pitching: RHP Leonard Yong
Batting: RHB Jon Bowers 0-0: Called Strike
0-1: Swinging Strike
0-2: Foul Ball, location: 2F
0-2: Foul Ball, location: 2F
0-2: Strikes out swinging
Batting: RHB Stefan Jamroz 0-0: Ball
1-0: Ball
2-0: Foul Ball, location: 2F
2-1: Swinging Strike
2-2: Ball
3-2: Foul Ball, location: 2F
3-2: Strikes out looking
Batting: RHB Nathaniel Vogel 0-0: Ball
1-0: Ball
2-0: Swinging Strike
2-1: Foul Ball, location: 2F
2-2: Ball
3-2: Strikes out swinging
Top of the 8th over - 0 runs, 0 hits, 0 errors, 1 left on base; Long Island 3 - Bakersfield 1
BOTTOM OF THE 8TH
Bakersfield Cannons batting - Pitching for Long Island Navigators : RHP Regis Jacobo
Batting: LHB Keon Kakazai 0-0: Ball
1-0: Foul Ball, location: 2F
1-1: Ball
2-1: Ball
3-1: Called Strike
3-2: TRIPLE (Line Drive, 9LD, EV 108.1 MPH)
Batting: RHB Adrian Gramling 0-0: Ball
1-0: Fly out, F8 (Flyball, 8RD, EV 98.1 MPH)
Runner from 3rd tags up, SCORES, throw by CF
Batting: RHB Kaileb Romero 0-0: Ground out 6-3 (Groundball, 6, EV 101.2 MPH)
Batting: RHB Adan Natoli 0-0: Called Strike
0-1: SINGLE (Flyball, 89D, EV 101.2 MPH)
Batting: RHB Jake Christensen 0-0: Called Strike
0-1: SINGLE (Flyball, 89S, EV 93.1 MPH)
Adan Natoli to second
Pitching: LHP Andre Ulleri
Batting: LHB Britt Moore 0-0: Ball
1-0: Called Strike
1-1: Ground out 4-3 (Groundball, 4S, EV 90.6 MPH)
Bottom of the 8th over - 1 run, 3 hits, 0 errors, 2 left on base; Long Island 3 - Bakersfield 2
TOP OF THE 9TH
Long Island Navigators batting - Pitching for Bakersfield Cannons : RHP Leonard Yong
Batting: RHB Kenneth Waters 0-0: Called Strike
0-1: Ball
1-1: Ball
2-1: Ground out 5-3 (Groundball, 56, EV 111.9 MPH)
Batting: RHB Ahmed Brigatti 0-0: Ball
1-0: Ball
2-0: Fly out, F9 (Line Drive, 89M, EV 95.0 MPH)
Batting: LHB Felix Arms 0-0: Ball
1-0: DOUBLE (Flyball, 8LXD, EV 106.9 MPH)
Batting: SHB Anthone Ornelas 0-0: Ball
1-0: SINGLE (Groundball, 6, EV 101.2 MPH)
Felix Arms to third
Runner from 3rd tries for Home, SAFE, throw by CF to home
Batting: LHB Triston Harris 0-0: Called Strike
0-1: Ball
1-1: Ball
2-1: Foul Ball, location: 2F
2-2: Strikes out swinging
Top of the 9th over - 1 run, 2 hits, 0 errors, 1 left on base; Long Island 4 - Bakersfield 2
BOTTOM OF THE 9TH
Bakersfield Cannons batting - Pitching for Long Island Navigators : LHP Andre Ulleri
Pitching: LHP Chase Clawson
Batting: RHB Langdon Bushey 0-0: Ball
1-0: Ball
2-0: SINGLE (Groundball, 6, EV 96.9 MPH)
Batting: RHB C.J. Spicer 0-0: Ball
1-0: Ball
2-0: SINGLE (Groundball, 4S, EV 64.4 MPH) (infield hit)
Langdon Bushey to second
Batting: RHB Nelson Dimas 0-0: Bunted foul
0-1: Bunted foul
0-2: Foul Ball, location: 2F
0-2: Ball
1-2: DOUBLE (Line Drive, 89D, EV 99.4 MPH)
Langdon Bushey scores
C.J. Spicer to third
Runner from 3rd tries for Home, SAFE, no throw by RF
Pinch Hitting: RHB Colby Hullinger 0-0: Ball
1-0: Ball
2-0: Ball
3-0: Base on Balls
Batting: RHB Adrian Gramling 0-0: Ball
1-0: Grounds into double play, 6-4-3 (Groundball, 6, EV 104.4 MPH)
Nelson Dimas to third
Batting: RHB Kaileb Romero 0-0: Ground out 6-3 (Groundball, 6, EV 85.6 MPH)
Bottom of the 9th over - 2 runs, 3 hits, 0 errors, 1 left on base; Long Island 4 - Bakersfield 4
TOP OF THE 10TH
Long Island Navigators batting - Pitching for Bakersfield Cannons : RHP Leonard Yong
Pitching: RHP Kel Ingle
Now in RF: Elroy Saenz
Batting: RHB Landon Garber 0-0: Fly out, F8 (Flyball, 8RD, EV 92.5 MPH)
Batting: RHB Jon Bowers 0-0: Called Strike
0-1: Ball
1-1: SINGLE (Line Drive, 56D, EV 95.6 MPH)
Batting: RHB Stefan Jamroz 0-0: Ball
Wild Pitch!
Jon Bowers to second
1-0: Foul Ball, location: 2F
1-1: Foul Ball, location: 2F
1-2: Ball
2-2: Foul Ball, location: 2F
2-2: Ball
3-2: Foul Ball, location: 2F
3-2: Strikes out looking
Batting: RHB Nathaniel Vogel 0-0: Ball
1-0: Ball
2-0: Called Strike
2-1: Ball
3-1: Fly out, F2 (Popup, 2L, EV 90.0 MPH)
Top of the 10th over - 0 runs, 1 hit, 0 errors, 1 left on base; Long Island 4 - Bakersfield 4
BOTTOM OF THE 10TH
Bakersfield Cannons batting - Pitching for Long Island Navigators : LHP Chase Clawson
Batting: RHB Adan Natoli 0-0: Reached on error, E5 (Groundball, 56, EV 89.4 MPH)
Batting: RHB Jake Christensen 0-0: Ball
1-0: Ball
2-0: Ball
3-0: Base on Balls
Adan Natoli to second
Batting: LHB Britt Moore 0-0: Called Strike
0-1: Ball
1-1: Fly out, F9 (Flyball, 89M, EV 85.6 MPH)
Batting: RHB Langdon Bushey 0-0: Foul Ball, location: 2F
0-1: Swinging Strike
0-2: Ball
1-2: SINGLE (Line Drive, 8LS, EV 89.4 MPH)
Adan Natoli to third
Jake Christensen to second
Pitching: RHP Ike Hogan
Batting: RHB C.J. Spicer 0-0: Called Strike
0-1: Fly out, F9 (Flyball, 9S, EV 95.6 MPH)
Batting: RHB Nelson Dimas 0-0: Foul Ball, location: 2F
0-1: Swinging Strike
0-2: Ball
1-2: SINGLE (Groundball, P, EV 82.5 MPH) (infield hit)
Adan Natoli scores
Bottom of the 10th over - 1 run, 2 hits, 1 error, 2 left on base; Long Island 4 - Bakersfield 5
Wednesday, March 27th , 2024 - OOTP Baseball 23.10 Build 110